 Dungeon Crawl Stone Soup version 0.23.0 (webtiles) character file.

Game seed: 11808756449152945347

49 theswoord the Unweaver (level 3, -1/29 HPs)
             Began as a Demonspawn Abyssal Knight on Feb 9, 2019.
             Was a Follower of Lugonu.
             Slain by an elf zombie (4 damage)
             ... in an ossuary.
             The game lasted 00:02:26 (1536 turns).

theswoord the Unweaver (Demonspawn Abyssal Knight)  Turns: 1536, Time: 00:02:27

Health: -1/29      AC:  5    Str: 12    XL:     3   Next: 53%
Magic:  6/6        EV: 10    Int: 13    God:    Lugonu [*.....]
Gold:   58         SH:  0    Dex: 13    Spells: 2/2 levels left

rFire    . . .     SeeInvis .   a - +1 hand axe
rCold    . . .     Gourm    .   (no shield)
rNeg     . . .     Faith    .   f - +0 ring mail
rPois    .         Spirit   .   (no helmet)
rElec    .         Reflect  .   (no cloak)
rCorr    .         Harm     .   (no gloves)
MR       .....                  (no boots)
Stlth    ++........             (no amulet)
HPRegen  0.09/turn              (no ring)
MPRegen  0.10/turn              (no ring)

@: no status effects
A: nightstalker 1
a: Depart the Abyss, Renounce Religion


You were in an ossuary.
You worshipped Lugonu.
Lugonu was aware of your devotion.
You were not hungry.

You visited 1 branch of the dungeon, and saw 3 of its levels.
You visited the Abyss 1 time.
You also visited: Ossuary.

You collected 58 gold pieces.

Inventory:

Hand Weapons
 a - a +1 hand axe (weapon)
Armour
 b - a +0 leather armour
 f - a +0 ring mail (worn)
Scrolls
 d - a scroll of fear {unknown}
 g - 3 scrolls of identify {unknown}
 j - 3 scrolls of remove curse {unknown}
 k - 2 scrolls of amnesia {unknown}
 l - a scroll of immolation {unknown}
 m - a scroll of fog {unknown}
Potions
 e - a potion of berserk rage {unknown}
 h - a potion of haste {unknown}
 i - a potion of might {unknown}
Comestibles
 c - a ration
 n - a chunk of flesh


   Skills:
 - Level 3.0 Fighting
 + Level 2.8 Axes
 - Level 1.7 Armour
 - Level 0.8 Dodging
 + Level 4.0 Invocations


You had 2 spell levels left.
You didn't know any spells.
Your spell library was empty.

Dungeon Overview and Level Annotations

Branches:
Dungeon (4/15)
 Temple: D:4-7

Altars:


Innate Abilities, Weirdness & Mutations

You are slightly more attuned to the shadows.


Message History

* * * LOW HITPOINT WARNING * * *
The elf zombie misses you.
You hit the human zombie. You hit the elf zombie.
The elf zombie closely misses you. The human zombie hits you.
* * * LOW HITPOINT WARNING * * *
You barely miss the human zombie. You hit the elf zombie.
The elf zombie barely misses you.
The human zombie hits you but does no damage.
You barely miss the human zombie. You hit the elf zombie.
The elf zombie hits you.
* * * LOW HITPOINT WARNING * * *
The human zombie hits you.
* * * LOW HITPOINT WARNING * * *
You barely miss the human zombie. You closely miss the elf zombie.
The elf zombie hits you.
* * * LOW HITPOINT WARNING * * *
The human zombie barely misses you.
You hit the human zombie. You barely miss the elf zombie.
The elf zombie hits you.
You die...

################
#...............
#...............
#....#+#......#
#...## ##....##
#...# #@Z..#
#...# #Z...#
#..## ##..##
#..# ..# #∩.#
..# #..# ..#
#..# ..# #∩.#
#..#


You could see an elf zombie and a human zombie.

Vanquished Creatures
  2 adder zombies (Ossuary)
  An ooze (D:1)
  A worm (D:2)
  2 dart slugs (D:2)
  A leopard gecko (D:1)
  An orc (D:4)
  A giant cockroach (D:1)
  A goblin (D:2)
  2 hobgoblins
  2 jackals (D:1)
  2 quokkas (D:4)
  A ball python (D:1)
  2 bats (D:2)
  A frilled lizard (D:2)
  2 hobgoblin zombies (Ossuary)
  A kobold (D:1)
  An orc zombie (Ossuary)
  2 quokka zombies (Ossuary)
  6 rats (D:1)
  A rat zombie (Ossuary)
33 creatures vanquished.

Notes
Turn   | Place    | Note
-------+----------+-------------------------------------------
     0 | Abyss:1  | theswoord the Demonspawn Abyssal Knight began the quest for
                  | the Orb.
     0 | Abyss:1  | Reached XP level 1. HP: 18/18 MP: 2/2
    26 | Abyss:1  | Found a blossoming altar of Fedhas.
    45 | Abyss:1  | Noticed a neqoxec
    55 | Abyss:1  | Noticed a thrashing horror
    57 | D:1      | Escaped the Abyss
   522 | D:1      | Reached * piety under Lugonu
   560 | D:1      | Reached skill level 3 in Invocations
   560 | D:1      | Gained mutation: You are slightly more attuned to the
                  | shadows. [demonic ancestry]
   560 | D:1      | Reached XP level 2. HP: 21/24 MP: 2/4
  1114 | D:2      | Reached XP level 3. HP: 24/29 MP: 5/5
  1190 | D:2      | You fall through a shaft for 2 floors!
  1429 | D:4      | Noticed a phantom
  1433 | D:4      | Found a sand-covered staircase.
  1440 | Ossuary  | Entered an ossuary
  1457 | Ossuary  | Reached skill level 4 in Invocations
  1536 | Ossuary  | Slain by an elf zombie

Skill      XL: |  1  2  3 |
---------------+----------+-----
Axes           | 2 |  2.8
Invocations    | 3 4 |  4.0
Fighting       | |  3.0
Armour         | |  1.7
Dodging        | |  0.8

Action                   || total
-------------------------++-------
Melee: Hand axe          ||   121
Invok: Depart the Abyss  ||     1
 Stab: Sleeping          ||     1
  Eat: Chunk             ||     2
Armor: Leather armour    ||    15
       Ring mail         ||    16
Dodge: Dodged            ||    86

Levels and vault maps discovered:
D:1:      dpeg_arrival_ratfight, layout_rooms
D:2:      layout_basic, nicolae_overflow_hidden_temple
D:4:      layout_rooms, enter_ossuary_1, uniq_sigmund
Abyss:1
Ossuary:  minmay_ossuary_two_tombs
